 Dungeon Crawl Stone Soup version 0.31-a0-233-g139696dc86 (webtiles) character file.

Game seed: 12419274841959607709

86 qw the Shooter (level 4, -1/27 HPs)
             Began as a Gargoyle Hexslinger on July 8, 2023.
             Killed from afar by Sigmund (6 damage)
             ... with a puff of flame
             ... on level 3 of the Dungeon.
             The game lasted 00:00:42 (1701 turns).

qw the Shooter (Gargoyle Hexslinger)                Turns: 1701, Time: 00:00:43

Health: -1/27      AC: 10    Str: 12    XL:     4   Next: 50%
Magic:  5/5        EV: 11    Int: 13    God:
Gold:   93         SH:  0    Dex: 20    Spells: 4/5 levels left

rFire   . . .        Y - +1 sling
rCold   . . .        (no shield)
rNeg    + . .        g - +0 ring mail
rPois   inf          (no helmet)
rElec   +            (no cloak)
rCorr   .            (no gloves)
SInv    .            h - +1 pair of boots
Will    .....        (no amulet)
Stlth   +            i - +6 ring of dexterity
HPRegen 0.24/turn    (no ring)
MPRegen 0.09/turn

%: no passive effects
@: no status effects
A: sickness immunity, AC +3, negative energy resistance 1, electricity
resistance, torment resistance 1, petrification resistance
a: no special abilities


You were on level 3 of the Dungeon.
You visited 1 branch of the dungeon, and saw 3 of its levels.

You collected 93 gold pieces.


Innate Abilities, Weirdness & Mutations

You are immune to sickness and miasma.
Your stone body is resilient. (AC +3)
You are immune to poison.
You resist negative energy. (rN+)
You are resistant to electric shocks. (rElec)
You are resistant to unholy torment.
You are immune to petrification.


   Skills:
 - Level 2.3 Fighting
 + Level 3.9 Ranged Weapons
 - Level 1.1 Armour
 - Level 1.5 Dodging
 - Level 1.0 Spellcasting
 - Level 2.6 Hexes


You had 4 spell levels left.
You knew the following spells:

 Your Spells              Type           Power      Damage    Failure   Level
a - Slow                  Hex            28%        N/A       22%         1

Your spell library contained the following spells:

 Spells                   Type           Power      Damage    Failure   Level
 Inner Flame              Hex/Fire       4%         N/A       73%         3
 Portal Projectile        Hex/Tloc       8%         N/A       73%         3
 Cause Fear               Hex            3%         N/A       91%         4

Inventory:

Hand Weapons
 Y - a +1 sling (weapon)
Armour
 g - a +0 ring mail (worn)
 h - a +1 pair of boots (worn)
Jewellery
 i - a +6 ring of dexterity (left hand)
Scrolls
 j - 2 scrolls of identify
 m - a scroll of fog {unknown}
Potions
 a - a potion of invisibility {unknown}
 b - a potion of mutation {unknown}
 d - a potion of attraction {unknown}
 e - a potion of enlightenment {unknown}
 f - a potion of curing {unknown}
 k - a potion of degeneration {unknown}

Dungeon Overview and Level Annotations

Branches:
Dungeon (3/15)

Altars:
Trog

Annotations:
D:3 Sigmund


Message History

The sling bullet closely misses Sigmund.
Sigmund laughs darkly.
Sigmund hits you with a +0 scythe.
1691 ||| DRINKING potion of heal wounds.
You feel much better.
You shoot a sling bullet. The sling bullet hits Sigmund.
Sigmund is severely wounded.
Sigmund gestures at you while chanting. You resist with some effort.
Sigmund smiles chillingly.
Sigmund casts a spell at you.
You are confused.
Sigmund casts a spell at you. The magic dart hits you!
Sigmund mumbles some strange words.
Sigmund flickers and vanishes!
Deactivating autopickup; reactivate with Ctrl-A.
You shoot a sling bullet.
You hear some strange, mumbled words.
A magic dart appears from out of thin air!
The magic dart hits you.
You shoot a sling bullet.
You hear some strange, mumbled words.
A magic dart appears from out of thin air!
The magic dart hits you but does no damage.
You shoot a sling bullet.
You feel less confused. Something hits you.
You shoot a sling bullet. Something hits you.
You shoot a sling bullet. Something hits you but does no damage.
You shoot a sling bullet.
You hear some strange, mumbled words.
Something tries to affect you, but you resist.
You shoot a sling bullet.
You hear some strange, mumbled words.
A puff of flame appears from out of thin air!
The puff of flame hits you.
You die...

#+# #####.#
...#.# #.#.##
###
#....###@.
#....@#.#
#....#{#
#.##.#.##.#
#.........#
......#.###.#
#######.# #
#.# #.# #.#


There were no monsters in sight!

Vanquished Creatures
  4 adders
  2 dart slugs
  An orc (D:3)
  3 endoplasms (D:1)
  3 giant cockroaches
  3 goblins
  5 hobgoblins
  5 kobolds
  4 ball pythons
  7 bats
  3 frilled lizards
  6 rats
46 creatures vanquished.

Notes
Turn   | Place    | Note
-------+----------+-------------------------------------------
     0 | D:1      | qw the Gargoyle Hexslinger began the quest for the Orb.
     0 | D:1      | Reached XP level 1. HP: 12/12 MP: 2/2
     0 | D:1      | 0 ||| qw: Version: 0.3-a-46-gb1f654a
     0 | D:1      | 0 ||| qw: Game counter: 3682
     0 | D:1      | 0 ||| qw: Melee chars always use a shield: true
     0 | D:1      | 0 ||| qw: God list: Okawaru
     0 | D:1      | 0 ||| qw: Allow faded altars: false
     0 | D:1      | 0 ||| qw: Do Orc after clearing Dungeon:15 true
     0 | D:1      | 0 ||| qw: Do second Lair branch before Depths: true
     0 | D:1      | 0 ||| qw: Lair rune preference: random
     0 | D:1      | 0 ||| qw: Goals: Normal
     0 | D:1      | 0 ||| PLANNING D:1-11
   102 | D:1      | Reached XP level 2. HP: 16/16 MP: 3/3
   241 | D:1      | Reached skill level 3 in Ranged Weapons
   527 | D:1      | 527 ||| UPGRADING to +0 leather armour.
   537 | D:1      | 537 ||| DROPPING +0 robe.
   538 | D:1      | 538 ||| UPGRADING to +0 pair of boots.
   543 | D:1      | 543 ||| READING 2 scrolls labelled OPORGH JUTI.
   544 | D:1      | 544 ||| READING scroll of enchant armour.
   544 | D:1      | 544 ||| ENCHANTING +0 pair of boots.
   545 | D:1      | 545 ||| READING scroll labelled GICEUGRINGE.
   546 | D:1      | 546 ||| DROPPING scroll of poison.
   627 | D:2      | Reached XP level 3. HP: 21/22 MP: 4/4
   874 | D:2      | Found a bloodstained altar of Trog.
   966 | D:2      | 966 ||| UPGRADING to +0 ring mail.
   977 | D:2      | 977 ||| DROPPING +0 leather armour.
  1022 | D:2      | Reached XP level 4. HP: 27/27 MP: 5/5
  1194 | D:2      | 1194 ||| UPGRADING to +6 ring of dexterity.
  1195 | D:2      | 1195 ||| DRINKING 2 smoky blue potions.
  1261 | D:3      | Reached skill level 1 in Armour
  1667 | D:3      | Noticed Sigmund
  1685 | D:3      | 1685 ||| READING scroll labelled WONIJ ZAXZIKOR.
  1690 | D:3      | HP: 6/27 [Sigmund/+0 scythe (4)]
  1691 | D:3      | 1691 ||| DRINKING potion of heal wounds.
  1698 | D:3      | HP: 4/27 [something (5)]
  1701 | D:3      | Killed from afar by Sigmund

Levels and vault maps discovered:
D:1:      tarquinn_simple_flora_water_b, layout_basic
D:2:      wander_river, layout_loops_cross, basic_altar, minmay_misc_feat_rows,
          minivault_14, glass_columns_a
D:3:      layout_loops_corners, uniq_sigmund

Skill      XL: |  1  2  3  4 |
---------------+-------------+-----
Ranged Weapons | 3 |  3.9
Fighting       | 2 |  2.3
Armour         | 1 |  1.1
Dodging        | |  1.5
Spellcasting   | |  1.0
Hexes          | |  2.6

Action                     |  1- 3 |  4- 6 || total
---------------------------+-------+-------++-------
   Fire: Sling             |    97 |    55 ||   152
    Use: Scroll            |     3 |     1 ||     4
         Potion            |       |     2 ||     2
 Armour: Robe              |     6 |       ||     6
         Leather armour    |    11 |       ||    11
         Skin              |     2 |       ||     2
         Ring mail         |       |    10 ||    10
  Dodge: Dodged            |    16 |    12 ||    28

Table legend:
 A = Non-vault XP
 B = Vault XP
 C = Vault XP percentage of total XP
 D = Non-vault monster count
 E = Vault monster count
 F = Vault count percentage of total count
                 A         B        C        D         E       F
            +---------+---------+-------+---------+---------+-------
      Total |     124 |       0 |   0.0 |      46 |       0 |   0.0
            +---------+---------+-------+---------+---------+-------
        D:1 |      30 |       0 |   0.0 |      17 |       0 |   0.0
        D:2 |      54 |       0 |   0.0 |      19 |       0 |   0.0
        D:3 |      40 |       0 |   0.0 |      10 |       0 |   0.0
            +---------+---------+-------+---------+---------+-------
